 Dungeon Crawl Stone Soup version 0.31-a0-233-g139696dc86 (webtiles) character file.

Game seed: 16002652637994383262

173 qw the Shooter (level 5, -8/45 HPs)
             Began as a Minotaur Hexslinger on July 7, 2023.
             Mangled by Terence
             ... wielding a +4 short sword of electrocution
              (9 damage)
             ... on level 3 of the Dungeon.
             The game lasted 00:00:59 (2698 turns).

qw the Shooter (Minotaur Hexslinger)                Turns: 2698, Time: 00:00:59

Health: -8/45      AC:  7    Str: 12    XL:     5   Next: 28%
Magic:  5/5        EV: 11    Int: 10    God:
Gold:   100        SH:  0    Dex: 15    Spells: 5/6 levels left

rFire   . . .        Y - +1 sling
rCold   . . .        (no shield)
rNeg    . . .        c - +0 ring mail
rPois   .            (helmet restricted)
rElec   .            (no cloak)
rCorr   .            f - +1 pair of gloves
SInv    .            (no boots)
Will    .....        k - amulet of faith
Stlth   +            (no ring)
HPRegen 0.27/turn    (no ring)
MPRegen 0.09/turn

%: faith
@: no status effects
A: horns 2, retaliatory headbutt
a: no special abilities


You were on level 3 of the Dungeon.
You visited 1 branch of the dungeon, and saw 3 of its levels.

You collected 100 gold pieces.


Innate Abilities, Weirdness & Mutations

You have a pair of horns on your head.
You reflexively headbutt those who attack you in melee.


   Skills:
 - Level 3.1 Fighting
 + Level 5.3 Ranged Weapons
 - Level 1.0 Armour
 - Level 2.1 Dodging
 - Level 1.0 Spellcasting
 - Level 2.0 Hexes


You had 5 spell levels left.
You knew the following spells:

 Your Spells              Type           Power      Damage    Failure   Level
a - Slow                  Hex            16%        N/A       34%         1

Your spell library contained the following spells:

 Spells                   Type           Power      Damage    Failure   Level
 Inner Flame              Hex/Fire       2%         N/A       83%         3
 Portal Projectile        Hex/Tloc       4%         N/A       83%         3
 Cause Fear               Hex            2%         N/A       98%         4

Inventory:

Hand Weapons
 Y - a +1 sling (weapon)
Armour
 c - a +0 ring mail (worn)
 f - a +1 pair of gloves (worn)
Jewellery
 k - an amulet of faith (around neck)
Scrolls
 b - 3 scrolls of identify
 h - a scroll of fear {unknown}
 i - a scroll of amnesia {unknown}
 m - a scroll of teleportation
Potions
 a - 2 potions of heal wounds {unknown}
 d - a potion of lignification {unknown}
 e - a potion of cancellation {unknown}
 g - 2 potions of magic {unknown}
 j - a potion of enlightenment
 l - a potion of might {unknown}

Dungeon Overview and Level Annotations

Branches:
Dungeon (3/15)

Altars:

Annotations:
D:3 Terence


Message History

You kill the endoplasm!
Things that are here:
a +0 club; a goblin corpse
m - a scroll of teleportation
Enter note:
Enter note:
Enter note:
Enter note:
Enter note:
Enter note: You open the door.
Terence the Incautious comes into view.
He is wielding a +4 short sword of electrocution.
Terence shouts!
There is an open door here.
Enter note:
Enter note:
Enter note:
Enter note:
Enter note:
Enter note: You shoot a sling bullet.
The sling bullet barely misses Terence.
You shoot a sling bullet.
The sling bullet hits Terence but does no damage.
You shoot a sling bullet. The sling bullet barely misses Terence.
Terence hits you with a +4 short sword of electrocution.
You shoot a sling bullet. The sling bullet hits Terence.
Terence is moderately wounded.
Terence hits you with a +4 short sword of electrocution.
Terence shouts, "Now you die!"
Terence hits you with a +4 short sword of electrocution!
You shoot a sling bullet. The sling bullet hits Terence.
Terence is heavily wounded.
Terence hits you with a +4 short sword of electrocution.
You shoot a sling bullet. The sling bullet barely misses Terence.
Terence hits you but does no damage.
You shoot a sling bullet. The sling bullet barely misses Terence.
Terence hits you with a +4 short sword of electrocution.
You are electrocuted!
Terence hits you with a +4 short sword of electrocution!
You die...

#.# #......
#.#####......
#.....#......
#.....#......
#.....####### #...[.#
#... ######### #.....#
#... ......@.# #.....#
#... #######@##
#.....####... #........#
#.........### #........#
##....###.# #........#
###### #.# #........#
#.# #........# #.#
#........# #.#
#........###########.###
#######.....)...........


You could see Terence.

Vanquished Creatures
  An iguana (D:3)
  Robin (D:3)
  3 gnolls (D:2)
  2 adders
  2 dart slugs (D:1)
  7 ball pythons
  4 bats
  6 endoplasms
  4 giant cockroaches
  21 goblins
  3 hobgoblins
  4 jackals (D:1)
  4 quokkas
  3 frilled lizards
  3 kobolds
  14 rats (D:1)
82 creatures vanquished.

Notes
Turn   | Place    | Note
-------+----------+-------------------------------------------
     0 | D:1      | qw the Minotaur Hexslinger began the quest for the Orb.
     0 | D:1      | Reached XP level 1. HP: 16/16 MP: 1/1
     0 | D:1      | 0 ||| qw: Version: 0.3-a-46-gb1f654a
     0 | D:1      | 0 ||| qw: Game counter: 3085
     0 | D:1      | 0 ||| qw: Melee chars always use a shield: true
     0 | D:1      | 0 ||| qw: God list: Okawaru
     0 | D:1      | 0 ||| qw: Allow faded altars: false
     0 | D:1      | 0 ||| qw: Do Orc after clearing Dungeon:15 true
     0 | D:1      | 0 ||| qw: Do second Lair branch before Depths: true
     0 | D:1      | 0 ||| qw: Lair rune preference: random
     0 | D:1      | 0 ||| qw: Goals: Normal
     0 | D:1      | 0 ||| PLANNING D:1-11
   137 | D:1      | Reached skill level 3 in Ranged Weapons
   137 | D:1      | Reached XP level 2. HP: 23/23 MP: 2/2
   160 | D:1      | 160 ||| FLEEEEING.
   161 | D:1      | 161 ||| FLEEEEING.
   162 | D:1      | 162 ||| FLEEEEING.
   163 | D:1      | 163 ||| FLEEEEING.
   164 | D:1      | 164 ||| FLEEEEING.
   165 | D:1      | 165 ||| FLEEEEING.
   350 | D:1      | Reached XP level 3. HP: 29/29 MP: 3/3
   492 | D:1      | Reached skill level 4 in Ranged Weapons
  1141 | D:1      | 1141 ||| UPGRADING to +0 pair of gloves.
  1146 | D:1      | 1146 ||| UPGRADING to +0 leather armour.
  1156 | D:1      | 1156 ||| DROPPING +0 robe.
  1157 | D:1      | 1157 ||| READING scroll labelled VUBOITE MYKOON.
  1158 | D:1      | 1158 ||| READING scroll labelled ESAREA XAKKANWI.
  1163 | D:1      | 1163 ||| DRINKING 2 viscous cyan potions.
  1164 | D:1      | 1164 ||| DROPPING scroll of poison.
  1322 | D:2      | Reached XP level 4. HP: 18/36 MP: 4/4
  1626 | D:2      | Reached skill level 5 in Ranged Weapons
  2037 | D:2      | 2037 ||| UPGRADING to +0 ring mail.
  2047 | D:2      | 2047 ||| DROPPING +0 leather armour.
  2048 | D:2      | 2048 ||| UPGRADING to amulet of faith.
  2053 | D:2      | 2053 ||| READING scroll labelled ULEISSONUS.
  2154 | D:2      | 2154 ||| READING 2 scrolls labelled YRUVAG OLERYE.
  2155 | D:2      | 2155 ||| READING scroll of enchant armour.
  2155 | D:2      | 2155 ||| ENCHANTING +0 pair of gloves.
  2225 | D:3      | Reached skill level 1 in Armour
  2391 | D:3      | Reached skill level 3 in Fighting
  2391 | D:3      | Reached XP level 5. HP: 44/45 MP: 5/5
  2443 | D:3      | Noticed Robin
  2449 | D:3      | Killed Robin
  2691 | D:3      | Noticed Terence
  2698 | D:3      | HP: 1/45 [Terence/+4 short sword of electrocution (17)]
  2698 | D:3      | Mangled by Terence

Levels and vault maps discovered:
D:1:      kilobyte_arrival_exit_the_forest, layout_basic,
          minmay_strange_pillars, minmay_curled_crystal, roderic_lattice_a,
          minmay_rat_gold_closets
D:2:      layout_loops_cross
D:3:      layout_basic, uniq_robin, uniq_terence

Skill      XL: |  1  2  3  4 |
---------------+-------------+-----
Ranged Weapons | 3 4 5 |  5.3
Fighting       | 2 3 |  3.1
Armour         | 1 |  1.0
Dodging        | |  2.1
Spellcasting   | |  1.0
Hexes          | |  2.0

Action                     |  1- 3 |  4- 6 || total
---------------------------+-------+-------++-------
   Fire: Sling             |   117 |   114 ||   231
    Use: Scroll            |     2 |     3 ||     5
         Potion            |     1 |       ||     1
 Armour: Robe              |     2 |       ||     2
         Leather armour    |     3 |     3 ||     6
         Ring mail         |       |    21 ||    21
  Dodge: Dodged            |    20 |    51 ||    71

Table legend:
 A = Non-vault XP
 B = Vault XP
 C = Vault XP percentage of total XP
 D = Non-vault monster count
 E = Vault monster count
 F = Vault count percentage of total count
                 A         B        C        D         E       F
            +---------+---------+-------+---------+---------+-------
      Total |     211 |      37 |  14.9 |      65 |      17 |  20.7
            +---------+---------+-------+---------+---------+-------
        D:1 |      59 |      10 |  14.5 |      33 |      10 |  23.3
        D:2 |      88 |       0 |   0.0 |      21 |       0 |   0.0
        D:3 |      64 |      27 |  29.7 |      11 |       7 |  38.9
            +---------+---------+-------+---------+---------+-------
